 Dungeon Crawl Stone Soup version 0.17-a0-131-ga9cda9c (webtiles) character file.

235 karlm the Bolt Thrower (level 6, -3/38 HPs)
             Began as a Kobold Hunter on Mar 24, 2015.
             Killed from afar by karlm's ghost (9 damage)
             ... with a magic dart
             ... on level 4 of the Dungeon.
             The game lasted 00:10:21 (4280 turns).

karlm the Bolt Thrower (Kobold Hunter)              Turns: 4280, Time: 00:10:22

Health: -3/38      AC:  3    Str: 12    XL:     6   Next: 27%
Magic:  6/6        EV: 15    Int:  9    God:
Gold:   127        SH:  0    Dex: 17    Spells: 0 memorised, 5 levels left

rFire  . . .     SeeInvis .     s - +3 spear (venom)
rCold  . . .     Clarity  .     d - +0 leather armour
rNeg   . . .     SustAb   .     (no shield)
rPois  .         Gourm    .     (no helmet)
rElec  .         Spirit   .     (no cloak)
rCorr  .         Warding  .     (no gloves)
rMut   .         Stasis   .     (no boots)
MR     .....                    (no amulet)
Stlth  ++........               (no ring)
                                (no ring)

@: not resistant to hostile enchantments, unstealthy
A: carnivore 3
a: no special abilities


You were on level 4 of the Dungeon.
You were completely stuffed.

You visited 1 branch of the dungeon, and saw 4 of its levels.

You collected 127 gold pieces.

Inventory:

Hand weapons
 a - a +0 short sword
 b - a +1 hand crossbow
 s - a +3 spear of venom (weapon)
Missiles
 c - 16 bolts
Armour
 d - a +0 leather armour (worn)
Magical devices
 t - a wand of lightning (8)
 v - a wand of teleportation (7)
Scrolls
 h - 2 scrolls of teleportation {unknown}
 i - 2 scrolls of identify {unknown}
 k - a scroll of noise {unknown}
 n - a scroll of fear {unknown}
 q - 2 scrolls of remove curse {unknown}
 r - a scroll of magic mapping
Potions
 j - a potion of curing
 l - a potion of poison {unknown}
 m - a potion of lignification {unknown}
 p - a potion of heal wounds {unknown}
 w - a potion of ambrosia {unknown}
Comestibles
 f - a meat ration
 g - a slice of pizza
 o - a royal jelly
 u - 10 chunks of flesh


   Skills:
 * Level 3.9 Fighting
 * Level 3.2 Short Blades
 * Level 6.3 Crossbows
 + Level 3.1 Dodging
 + Level 2.5 Stealth


You had 5 spell levels left.
You didn't know any spells.

Dungeon Overview and Level Annotations

Branches:
Dungeon (4/15)
 Temple: D:4-7

Altars:
Ashenzari

Annotations:
D:4 karlm's ghost, experienced NaWz


Innate Abilities, Weirdness & Mutations

You are small and have problems with some larger weapons.
You are carnivorous and can eat meat at any time.


Message History

Karlm's ghost hits you but does no damage.
The iron imp hits you.
You hit karlm's ghost.
Karlm's ghost is lightly damaged.
Karlm's ghost casts a spell.
Karlm's ghost blinks!
The iron imp hits you!
The iron imp hits you but does no damage.
Karlm's ghost whispers, "Death doesn't hurt.
What you feel is life." Karlm's ghost misses you. The iron imp hits you.
* * * LOW HITPOINT WARNING * * *
Karlm's ghost hits you.
* * * LOW HITPOINT WARNING * * *
Karlm's ghost gestures wildly while chanting.
Karlm's ghost whispers, "Everlasting silence awaits you..."
Karlm's ghost ripples.
Found a stone staircase leading down.
There is a stone staircase leading up here.
Karlm's ghost casts a spell at you. The magic dart hits you!
You die...

,,,***,*,,,,,,** ***,**,,,*******
**,***,*,,,,,..#####.**,****,,,,,
*,*,,,**,,,,.........,,***,,****
*,*,*,,,,l##.....#>.,****,+**≈≈*
**,,,,,***,...#.#.....* *,*≈≈≈≈≈
,,,,,*** *##..#.#....!# *,*≈≈≈≈≈
,*#.####* #...#.#.##..##**,+**≈≈*
>,..(...###.#.#..........,,,,****
,,..........#...@........,,,,,,,,
,#..........##...........,,,,,***
*#.........55W..........$.,,,,***
*#..........###..<........,,,,,,,
**####..##.## #...........,,,,**,
*****###*#..**#..........,,,,,**,
,,,,*** ##..............,,,,*,,,
***,,,** *###..####....#****,,**
***,,*****,....,,,....,,,,,,**


You could see an iron imp, karlm's ghost and a crimson imp.

Vanquished Creatures
  A hound (D:3)
  8 gnolls (D:3)
  5 adders
  4 worms
  An ooze (D:3)
  An orc (D:3)
  2 ball pythons
  3 giant cockroaches (D:3)
  6 hobgoblins
  7 jackals (D:3)
  5 kobolds
  A quokka (D:3)
  4 bats
  A giant newt (D:2)
  8 goblins
  11 rats
68 creatures vanquished.

Notes
Turn   | Place    | Note
--------------------------------------------------------------
     0 | D:1      | karlm, the Kobold Hunter, began the quest for the Orb.
     0 | D:1      | Reached XP level 1. HP: 12/12 MP: 1/1
    55 | D:1      | Reached skill level 5 in Crossbows
   162 | D:1      | Reached XP level 2. HP: 12/18 MP: 2/2
  1389 | D:2      | Reached skill level 1 in Short Blades
  1389 | D:2      | Reached XP level 3. HP: 22/22 MP: 3/3
  1437 | D:2      | Found a shattered altar of Ashenzari.
  1686 | D:2      | HP: 1/22 [poisoned by an adder]
  2481 | D:2      | Reached XP level 4. HP: 27/27 MP: 4/4
  3095 | D:3      | Reached XP level 5. HP: 27/32 MP: 5/5
  3851 | D:3      | Reached skill level 6 in Crossbows
  3941 | D:3      | Reached XP level 6. HP: 17/38 MP: 6/6
  4260 | D:4      | Noticed karlm's ghost (experienced NaWz)
  4280 | D:4      | Killed from afar by karlm's ghost

Action                   |  1- 3 |  4- 6 || total
-------------------------+-------+-------++-------
Melee: Short sword       |    92 |   182 ||   274
       Spear             |       |    31 ||    31
 Fire: Hand crossbow     |    14 |    19 ||    33
  Use: Potion            |       |     1 ||     1
       Scroll            |       |     2 ||     2
 Stab: Sleeping          |     1 |     1 ||     2
  Eat: Chunk             |    10 |     9 ||    19
